 Dungeon Crawl Stone Soup version 0.17.0-1-g61d176b (console) character file.

657 siepu the Basher (level 7, -2/57 HPs)
             Began as a Minotaur Air Elementalist on Nov 7, 2015.
             Slain by Ijustatesigmund's ghost (7 damage)
             ... on level 5 of the Dungeon.
             The game lasted 00:09:01 (3792 turns).

siepu the Basher (Minotaur Air Elementalist)        Turns: 3792, Time: 00:09:01

Health: -2/57      AC: 10    Str: 14    XL:     7   Next: 29%
Magic:  8/8        EV:  6    Int: 12    God:
Gold:   196        SH:  4    Dex: 17    Spells: 1 memorised, 7 levels left

rFire  . . .     SeeInvis .     H - +0 whip (vamp)
rCold  + . .     Clarity  .     D - +0 chain mail {rC+}
rNeg   + . .     SustAt   .     j - +0 buckler
rPois  .         Gourm    .     (helmet restricted)
rElec  .         Spirit   .     (no cloak)
rCorr  .         Warding  +     F - +0 pair of gloves
rMut   .         Stasis   .     J - +0 pair of boots
MR     .....                    y - amulet of warding
Stlth  ..........               q - ring of wizardry
                                h - +6 ring of dexterity

@: very slightly contaminated, invisible, not resistant to hostile enchantments,
extremely unstealthy
A: retaliatory headbutt, horns 2
a: no special abilities


You were on level 5 of the Dungeon.
You were not hungry.

You visited 1 branch of the dungeon, and saw 5 of its levels.

You collected 196 gold pieces.

Inventory:

Hand Weapons
 i - a +0 dagger
 m - a +0 whip
 t - a +0 mace
 H - a +0 vampiric whip (weapon)
Missiles
 s - 4 tomahawks (quivered)
Armour
 j - a +0 buckler (worn)
 D - a +0 chain mail of cold resistance (worn)
 F - a +0 pair of gloves (worn)
 J - a +0 pair of boots (worn)
Jewellery
 h - a +6 ring of dexterity (left hand)
 q - a ring of wizardry (right hand)
 y - an amulet of warding (around neck)
Wands
 C - a wand of magic darts (19)
Scrolls
 d - 2 scrolls of amnesia
 e - a scroll of summoning {unknown}
 k - a scroll of random uselessness
 o - 6 scrolls of identify
 p - 2 scrolls of teleportation
 v - 3 scrolls of remove curse
 w - 3 scrolls of fear {unknown}
Potions
 a - a potion of brilliance
 z - a potion of might {unknown}
 B - a potion of flight {unknown}
 E - a potion of curing {unknown}
Books
 b - a book of Air

   Spells                             Type                      Level
   a - Shock                          Conjuration/Air              1
   b - Swiftness                      Charms/Air                   2
   c - Repel Missiles                 Charms/Air                   2
   d - Static Discharge               Conjuration/Air              3
   e - Lightning Bolt                 Conjuration/Air              5
Comestibles
 c - 6 bread rations
 f - 5 beef jerkies
 A - 2 slices of pizza
 G - 9 chunks of flesh


   Skills:
 - Level 3.1 Fighting
 + Level 8.8 Maces & Flails
 - Level 2.1 Dodging
 - Level 1.5 Stealth
 - Level 1.3 Spellcasting
 - Level 0.6 Conjurations
 - Level 2.1 Air Magic


You had 7 spell levels left.
You knew the following spells:

 Your Spells              Type           Power        Failure   Level  Hunger
a - Shock                 Conj/Air       #...         100%        1    ##.....


Dungeon Overview and Level Annotations

Branches:
Dungeon (5/15)
 Temple: D:4-7

Altars:
Elyvilon
Qazlal
Yredelemnul
The Shining One

Annotations:
D:5 Ijustatesigmund's ghost, amateur GrFi


Innate Abilities, Weirdness & Mutations

You reflexively headbutt those who attack you in melee.
You have a pair of horns on your head.


Message History

You catch the helpless Ijustatesigmund's ghost completely off-guard!
You hit Ijustatesigmund's ghost.
Ijustatesigmund's ghost is heavily damaged.
Ijustatesigmund's ghost hits you.
* * * LOW HITPOINT WARNING * * *
You hit Ijustatesigmund's ghost but do no damage.
Ijustatesigmund's ghost is heavily damaged.
Ijustatesigmund's ghost hits you.
* * * LOW HITPOINT WARNING * * *
Your chain mail prevents you from hitting Ijustatesigmund's ghost.
You headbutt Ijustatesigmund's ghost, but do no damage.
Ijustatesigmund's ghost is heavily damaged.
Ijustatesigmund's ghost wails, "Do you think the gods will protect you?"
You catch the helpless Ijustatesigmund's ghost completely off-guard!
You hit Ijustatesigmund's ghost but do no damage.
You headbutt Ijustatesigmund's ghost.
Ijustatesigmund's ghost is heavily damaged.
Ijustatesigmund's ghost ripples.
Ijustatesigmund's ghost hits you!
You die...

,,,* **,,,** #)..# ,,,*
*#+#* *#..# **** #.# ##.#
#.# #.# ##.##### #.# ***
##[.....# #.# ,,*
#.......# #.# *,*
##.###..########.#
#<######..# #...@W......#
..........###..##########
..#######......# ***
##.....# #######


You could see Ijustatesigmund's ghost.

Vanquished Creatures
  Grinder (D:3)
  An ice beast (D:4)
  Blork the orc (D:5)
  A hound (D:4)
  A centaur skeleton (D:4)
  An orc wizard (D:3)
  2 worker ants (D:4)
  A hound skeleton (D:4)
  A gnoll (D:1)
  4 adders
  A shadow imp (D:5)
  An ooze (D:2)
  2 worms
  A giant gecko (D:3)
  19 orcs
  9 bats
  2 giant cockroaches
  5 goblins
  9 hobgoblins
  5 kobolds
  A quokka (D:5)
  2 ball pythons (D:3)
  2 giant newts (D:2)
  12 jackals
  4 rats
89 creatures vanquished.

Notes
Turn   | Place    | Note
--------------------------------------------------------------
     0 | D:1      | siepu the Minotaur Air Elementalist began the quest for the Orb.
     0 | D:1      | Reached XP level 1. HP: 14/14 MP: 1/1
   130 | D:1      | Reached skill level 1 in Fighting
   197 | D:1      | Reached XP level 2. HP: 14/24 MP: 0/3
   399 | D:1      | Reached skill level 3 in Fighting
   653 | D:1      | Reached XP level 3. HP: 25/31 MP: 4/4
   978 | D:1      | Reached skill level 1 in Maces & Flails
  1005 | D:2      | Found a white marble altar of Elyvilon.
  1649 | D:2      | Reached XP level 4. HP: 38/38 MP: 5/5
  2022 | D:3      | Noticed Grinder
  2024 | D:3      | Paralysed by Grinder for 3 turns
  2035 | D:3      | Killed Grinder
  2035 | D:3      | Reached skill level 6 in Maces & Flails
  2035 | D:3      | Reached XP level 5. HP: 28/45 MP: 6/6
  2035 | D:3      | Reached XP level 6. HP: 31/51 MP: 7/7
  2200 | D:3      | Found a glowing golden altar of the Shining One.
  2819 | D:4      | Reached skill level 7 in Maces & Flails
  3215 | D:4      | Reached skill level 8 in Maces & Flails
  3215 | D:4      | Reached XP level 7. HP: 40/57 MP: 8/8
  3397 | D:4      | Found a basalt altar of Yredelemnul.
  3495 | D:4      | Found a stormy altar of Qazlal.
  3576 | D:5      | Entered Level 5 of the Dungeon
  3722 | D:5      | Noticed Blork the orc
  3728 | D:5      | Noticed Ijustatesigmund's ghost (amateur GrFi)
  3748 | D:5      | Killed Blork the orc
  3792 | D:5      | Slain by Ijustatesigmund's ghost

Action                   |  1- 3 |  4- 6 |  7- 9 || total
-------------------------+-------+-------+-------++-------
Melee: Dagger            |    29 |       |       ||    29
       Whip              |    59 |       |    49 ||   108
       Mace              |    19 |   125 |    27 ||   171
Throw: Javelin           |     3 |     5 |     8 ||    16
 Cast: Shock             |     4 |       |       ||     4
  Use: Scroll            |       |       |     8 ||     8
       Potion            |       |       |     2 ||     2
 Stab: Sleeping          |     6 |     1 |       ||     7
       Invisible         |       |       |     2 ||     2
  Eat: Chunk             |     3 |     5 |     2 ||    10
       Fruit             |       |       |     3 ||     3
       Pizza             |       |       |     1 ||     1
